 Dungeon Crawl Stone Soup version 0.24-a0-368-g0e0cebd0f3 (webtiles) character file.

Game seed: 16179483394726247093

6024 Ijustatesigmund the Basher (level 10, 0/72 (73) HPs)
             Began as an Octopode Fighter on May 29, 2019.
             Was a High Priest of Cheibriados.
             Slain by a troll (12 damage)
             ... on level 8 of the Dungeon.
             The game lasted 00:14:06 (7237 turns).

Ijustatesigmund the Basher (Octopode Fighter)       Turns: 7237, Time: 00:14:07

HP:   0/72 (73)     AC:  1    Str: 28    XL:     10   Next: 86%
MP:   16/16         EV: 18    Int: 23    God:    Cheibriados [*****.]
Gold: 448           SH: 15    Dex: 29    Spells: 9/9 levels left

rFire    + . .     SeeInvis .   k - +3 whip (flame)
rCold    . . .     Gourm    .   b - +2 shield
rNeg     . . .     Faith    .   (helmet restricted)
rPois    .         Spirit   .   (no amulet)
rElec    .         Reflect  .   h - ring of protection from fire
rCorr    .         Harm     .   (no ring)
MR       .....                  (no ring)
Stlth    +++.......             (no ring)
HPRegen  0.22/turn              (no ring)
MPRegen  0.15/turn              (no ring)
                                (no ring)
                                (no ring)

@: very slow
A: almost no armour, stealthy swim, amphibious, 8 rings, constrict 8, camouflage
1, gelatinous body 1
a: Bend Time, Temporal Distortion, Slouch, Step From Time, Renounce Religion


You were on level 8 of the Dungeon.
You worshipped Cheibriados.
Cheibriados was extremely pleased with you.
You were not hungry.

You visited 1 branch of the dungeon, and saw 8 of its levels.

You collected 448 gold pieces.

Inventory:

Hand Weapons
 a - a +0 flail
 k - a +3 whip of flaming (weapon)
 w - the +4 hunting sling of Past Mistakes {velocity, rElec rPois Int-4}
   (You found it on level 7 of the Dungeon)

   Any stone fired from it inflicts extra damage.
   It affects your intelligence (-4).
   It insulates you from electricity.
   It protects you from poison.
Missiles
 x - 36 sling bullets
Armour
 b - a +2 shield (worn)
Jewellery
 h - a ring of protection from fire (left tentacle)
 B - a cursed ring of attention {unknown}
Wands
 i - a wand of enslavement (6)
 o - a wand of acid (7)
 u - a wand of iceblast (8)
 v - a wand of polymorph (8)
 z - a wand of flame (10)
Scrolls
 e - 2 scrolls of identify
 f - 4 scrolls of amnesia
 l - a scroll of enchant weapon
 p - 6 scrolls of remove curse
 q - a scroll of teleportation
 r - 2 scrolls of immolation
 s - a scroll of blinking
 y - a scroll of enchant armour
Potions
 c - 2 potions of might
 g - a potion of resistance
 j - 2 potions of lignification
 m - a potion of magic
 n - a potion of invisibility
 t - a potion of ambrosia
Miscellaneous
 A - a phantom mirror
 C - a box of beasts
Comestibles
 d - 18 rations


   Skills:
 + Level 8.5 Fighting
 + Level 8.6 Maces & Flails
 + Level 6.2 Dodging
 + Level 6.3 Shields
 + Level 8.6 Invocations
 + Level 1.0 Evocations


You had 9 spell levels left.
You didn't know any spells.
Your spell library contained the following spells:

 Spells                   Type           Power        Failure   Level  Hunger
 Apportation              Tloc           #.....       43%         1    ##.....
 Magic Dart               Conj           #...         43%         1    ##.....
 Summon Butterflies       Summ           #.......     43%         1    ##.....
 Searing Ray              Conj           #.....       58%         2    ###....
 Dazzling Spray           Conj/Hex       #.....       82%         3    ####...
 Lesser Beckoning         Tloc           #.........   82%         3    ####...
 Tukima's Dance           Hex            #.......     82%         3    ####...
 Force Lance              Conj/Tloc      #.......     99%         4    #####..
 Fulminant Prism          Conj/Hex       #.........   99%         4    #####..
 Iskenderun's Mystic Bla  Conj           #.......     99%         4    #####..
 Alistair's Intoxication  Tmut/Pois      #.......     100%        5    ######.
 Invisibility             Hex            #.......     100%        6    #######


Dungeon Overview and Level Annotations

Branches:
Dungeon (8/15)             Temple (0/1) D:6
   Lair: D:8-11

Altars:
Cheibriados
Dithmenos
Gozag
Hepliaklqana
Kikubaaqudgha
Makhleb
Ru
Trog
Xom
Yredelemnul

Shops:
D:4 [:(


Innate Abilities, Weirdness & Mutations

You cannot wear most types of armour.
You are very stealthy in the water. (Stealth+)
You are amphibious.
You can wear up to eight rings at the same time.
You can use your tentacles to constrict eight enemies at once.
Your skin changes colour to match your surroundings (Stealth+).
Your rubbery body absorbs attacks. (AC +1, EV +1)


Message History

You are too injured to fight recklessly!
You are too injured to fight recklessly!
You are too injured to fight recklessly!
You are too injured to fight recklessly!
You are too injured to fight recklessly!
You are too injured to fight recklessly!
You are too injured to fight recklessly!
You are too injured to fight recklessly!
You barely miss the troll.
The troll is heavily wounded.
You block the troll's attack. x2; The troll claws you but does no damage.
You hit the troll. You burn the troll. You squeeze the troll.
The troll is severely wounded.
Something hits you. Something shocks you.
You hit the troll. You burn the troll. Your squeeze misses the troll.
The troll is almost dead.
The troll bites you!
* * * LOW HITPOINT WARNING * * *
The troll claws you!
You die...

#.# #.# # #.#
#.#.# ##
#####.#.####...
...............
#....<..#
#.......###.#..
#......@T......
#...####†##....
..... ... (.
a..... .#.#
..... .....
##### .# ... .#
... .. ...


You could see a troll.

Vanquished Creatures
  Pikel (D:4)
  A cyclops (D:7)
  A troll (D:7)
  Grinder (D:4)
  A yak (D:7)
  A wraith (D:7)
  A hungry ghost (D:7)
  Edmund (D:5)
  2 black bears
  An orc warrior (D:6)
  2 sky beasts
  2 ice beasts
  6 necrophages (D:7)
  2 eyes of draining (D:3)
  6 centaurs
  2 ogres
  Blork the orc (D:5)
  6 bullfrogs
  3 scorpions
  10 wights
  5 crimson imps
  A centaur zombie (D:7)
  5 hounds
  A quasit (D:6)
  A jelly (D:5)
  Crazy Yiuf (D:2)
  A bullfrog zombie (D:8)
  3 orc priests
  A bullfrog skeleton (D:6)
  Jessica (D:3)
  Terence (D:2)
  An iguana (D:6)
  8 orc wizards
  5 worker ants
  A hound zombie (D:6)
  A hound skeleton (D:7)
  A worker ant zombie (D:7)
  Robin (D:3)
  3 gnolls
  10 adders
  3 shadow imps (D:7)
  2 adder skeletons
  2 worms (D:2)
  A dart slug (D:2)
  3 leopard geckos
  22 orcs
  2 bats
  4 giant cockroaches
  7 hobgoblins
  8 jackals
  A quokka (D:2)
  5 ball pythons
  5 frilled lizards
  12 goblins
  A jackal skeleton (D:4)
  6 kobolds
  A quokka skeleton (D:8)
  4 rats (D:2)
  A spectral orc (D:6)
193 creatures vanquished.

Vanquished Creatures (others)
  2 slaves (D:4)
  A howler monkey (D:4)
  A hound (D:4)
  3 fungi (D:8)
7 creatures vanquished.

Grand Total: 200 creatures vanquished

Notes
Turn   | Place    | Note
-------+----------+-------------------------------------------
     0 | D:1      | Ijustatesigmund the Octopode Fighter began the quest for
                  | the Orb.
     0 | D:1      | Reached XP level 1. HP: 16/16 MP: 1/1
   262 | D:1      | Reached XP level 2. HP: 21/21 MP: 2/2
   510 | D:1      | Found a snail-covered altar of Cheibriados.
   517 | D:1      | Became a worshipper of Cheibriados the Contemplative
   912 | D:2      | Reached XP level 3. HP: 21/26 MP: 3/3
   941 | D:2      | Reached skill level 1 in Invocations
   985 | D:2      | Found an opulent altar of Gozag.
  1002 | D:2      | Noticed Terence
  1007 | D:2      | Killed Terence
  1012 | D:2      | Reached * piety under Cheibriados
  1012 | D:2      | Reached XP level 4. HP: 27/31 MP: 3/5
  1372 | D:2      | Found a runed translucent door.
  1373 | D:2      | Noticed Crazy Yiuf
  1380 | D:2      | Killed Crazy Yiuf
  1527 | D:2      | Reached XP level 5. HP: 36/36 MP: 6/6
  1859 | D:3      | Found a faded altar of an unknown god.
  2045 | D:3      | Reached ** piety under Cheibriados
  2127 | D:3      | Noticed Jessica
  2130 | D:3      | Killed Jessica
  2214 | D:3      | Found a bloodstained altar of Trog.
  2214 | D:3      | Noticed an eye of draining
  2215 | D:3      | Noticed an eye of draining
  2223 | D:3      | Killed an eye of draining
  2223 | D:3      | Reached XP level 6. HP: 41/44 MP: 0/8
  2224 | D:3      | Killed an eye of draining
  2443 | D:3      | Found an opulent altar of Gozag.
  2610 | D:3      | Noticed Robin
  2618 | D:3      | Killed Robin
  2618 | D:3      | Reached XP level 7. HP: 47/49 MP: 8/10
  2830 | D:4      | Found Risenots's Antique Armour Boutique.
  2862 | D:4      | Reached skill level 5 in Maces & Flails
  2968 | D:4      | Noticed Pikel
  2982 | D:4      | Killed Pikel
  2982 | D:4      | Reached skill level 5 in Fighting
  2982 | D:4      | Reached skill level 5 in Invocations
  2982 | D:4      | Reached XP level 8. HP: 37/57 MP: 10/12
  3062 | D:4      | Found Ceefunun's Book Boutique.
  3091 | D:4      | Reached *** piety under Cheibriados
  3182 | D:4      | Found Xecli's Weapon Emporium.
  3353 | D:4      | Noticed Grinder
  3359 | D:4      | Paralysed by Grinder for 4 turns
  3365 | D:4      | Killed Grinder
  3598 | D:5      | Entered Level 5 of the Dungeon
  3640 | D:5      | Noticed Edmund
  3654 | D:5      | Killed Edmund
  3739 | D:5      | Reached XP level 9. HP: 55/63 MP: 13/13
  3830 | D:5      | Reached **** piety under Cheibriados
  3998 | D:5      | Noticed Blork the orc
  4007 | D:5      | Killed Blork the orc
  4575 | D:6      | Found a shadowy altar of Dithmenos.
  4645 | D:6      | Found a shimmering altar of Xom.
  4670 | D:6      | Found a staircase to the Ecumenical Temple.
  5211 | D:6      | Found a basalt altar of Yredelemnul.
  5888 | D:7      | Reached skill level 5 in Shields
  5895 | D:7      | Reached skill level 5 in Dodging
  5898 | D:7      | Reached ***** piety under Cheibriados
  5898 | D:7      | Reached XP level 10. HP: 38/69 MP: 15/15
  5912 | D:7      | Found a burning altar of Makhleb.
  6141 | D:7      | Found a sacrificial altar of Ru.
  6228 | D:7      | Got a smoking hunting sling
  6251 | D:7      | Identified the +4 hunting sling of Past Mistakes {velocity,
                  | rElec rPois Int-4} (You found it on level 7 of the Dungeon)
  6395 | D:7      | Found the +12 glaive of Prune {chop}
  6401 | D:7      | Noticed a cyclops
  6423 | D:7      | Killed a cyclops
  7067 | D:7      | Found an ancient bone altar of Kikubaaqudgha.
  7149 | D:7      | Found a hazy altar of Hepliaklqana.
  7231 | D:8      | Reached skill level 1 in Evocations
  7237 | D:8      | Slain by a troll

Levels and vault maps discovered:
D:1:      minmay_arrival_widening_spiral_wide, layout_loops_cross,
          cheibriados_altar_1
D:2:      layout_loops_ring, first_ration,
          nicolae_gozag_cash_rules_everything_around_me, uniq_terence,
          uniq_crazy_yiuf_cottage
D:3:      layout_loops_ring, marbit_many_paths,
          chequers_ecumenical_altar_twisty, minmay_hedge_maze,
          trog_eyes_of_draining, uniq_robin, uniq_jessica
D:4:      minmay_wonky_spiral, layout_loops_cross, serial_shops, shop,
          nicolae_shop_crystal, shop, st_stairs_10, uniq_eustachio, uniq_pikel,
          uniq_grinder
D:5:      layout_cave_pods, uniq_blork_the_orc, uniq_edmund
D:6:      layout_layer_cave, yredelemnul_forgotten_temple_becter,
          nicolae_overflow_crystal_walls, overflow_temple_1_default,
          minmay_temple_entry_trees
D:7:      minmay_the_grid_triangle_9x9_recursive_2
          [minmay_the_grid_triangle_9x9_prize_center,
          minmay_the_grid_triangle_9x9_corrupted_corridor,
          minmay_the_grid_triangle_9x9_longest,
          minmay_the_grid_triangle_9x9_cache], layout_rooms, lemuel_round_altar,
          overflow_temple_1_default, kiku_gazebo_pond_becter, serial_undead,
          serial_undead_c, serial_undead_b, serial_undead_f, serial_undead_a,
          serial_undead_e, serial_undead_b, serial_undead_e, basic_altar
D:8:      layout_basic, nicolae_overflow_hidden_temple, lemuel_doored_altar,
          due_lair_maze_entry_diamond, grunt_ogre_cave, minmay_misc_feat_cross

Skill      XL: |  1  2  3  4  5  6  7  8  9 10 |
---------------+-------------------------------+-----
Maces & Flails | 3 4 5 6 7 8 |  8.6
Invocations    | 1 2 3 4 5 6 7 8 |  8.6
Fighting       | 4 5 6 7 8 |  8.5
Shields        | 5 6 |  6.3
Dodging        | 5 6 |  6.2
Evocations     | 1 |  1.0

Action                   |  1- 3 |  4- 6 |  7- 9 | 10-12 || total
-------------------------+-------+-------+-------+-------++-------
Melee: Flail             |    55 |    89 |    17 |       ||   161
       Constrict         |    15 |    27 |    44 |    24 ||   110
       Tentacles         |    11 |    30 |    60 |    59 ||   160
       Whip              |       |       |   162 |   117 ||   279
Evoke: Wand              |       |       |       |     4 ||     4
  Use: Scroll            |       |    10 |     8 |     5 ||    23
       Potion            |       |       |     3 |     2 ||     5
 Stab: Sleeping          |     7 |     7 |    12 |     3 ||    29
  Eat: Chunk             |       |     3 |     5 |     3 ||    11
Armor: Skin              |     1 |     1 |     2 |     5 ||     9
Dodge: Dodged            |    21 |    35 |    71 |    40 ||   167
Block: Shield            |    25 |    53 |    96 |    72 ||   246

Table legend:
 A = Non-vault XP
 B = Vault XP
 C = Vault XP percentage of total XP
 D = Non-vault monster count
 E = Vault monster count
 F = Vault count percentage of total count
                 A         B        C        D         E       F
            +---------+---------+-------+---------+---------+-------
      Total |    4270 |    4337 |  50.4 |     149 |      44 |  22.8
            +---------+---------+-------+---------+---------+-------
        D:1 |      23 |       0 |   0.0 |      14 |       0 |   0.0
        D:2 |     121 |      77 |  38.9 |      24 |       2 |   7.7
        D:3 |      87 |     318 |  78.5 |      17 |      13 |  43.3
        D:4 |     345 |     986 |  74.1 |      15 |       5 |  25.0
        D:5 |     800 |     265 |  24.9 |      19 |       2 |   9.5
        D:6 |    1230 |       1 |   0.1 |      23 |       1 |   4.2
        D:7 |    1618 |    2690 |  62.4 |      33 |      21 |  38.9
        D:8 |      46 |       0 |   0.0 |       4 |       0 |   0.0
            +---------+---------+-------+---------+---------+-------
